 Dungeon Crawl Stone Soup version 0.16.1-51-g6203257 (webtiles) character file.

817 hannobal the Skirmisher (level 8, -6/65 HPs)
             Began as a Formicid Assassin on July 13, 2015.
             Was an Initiate of Fedhas.
             Mangled by an ogre
             ... wielding a +0 giant club
              (16 damage)
             ... on level 4 of the Dungeon.
             The game lasted 00:20:24 (5212 turns).

hannobal the Skirmisher (Formicid Assassin)         Turns: 5212, Time: 00:20:25

Health: -6/65      AC:  8    Str: 17    XL:     8   Next: 16%
Magic:  12/12      EV:  9    Int: 12    God:    Fedhas [......]
Gold:   176        SH:  0    Dex: 12    Spells: 0 memorised, 7 levels left

rFire  . . .     SeeInvis +     a - +0 dagger (elec)
rCold  . . .     Clarity  .     o - +0 scale mail
rNeg   . . .     SustAb   .     (no shield)
rPois  .         Gourm    .     (helmet unavailable)
rElec  .         Spirit   .     d - +0 cloak
rCorr  .         Warding  .     (no gloves)
rMut   .         Stasis   +     (no boots)
MR     .....                    F - amulet of regeneration
Stlth  +.........               (no ring)
                                i - ring of wizardry

@: not resistant to hostile enchantments, very unstealthy
A: permanent stasis, dig shafts and tunnels, four strong arms, antennae 3
a: Dig, Shaft Self, Renounce Religion


You were on level 4 of the Dungeon.
You worshipped Fedhas.
Fedhas was noncommittal.
You were not hungry.

You visited 2 branches of the dungeon, and saw 6 of its levels.

You collected 176 gold pieces.

Inventory:

Hand weapons
 a - a +0 dagger of electrocution (weapon)
 b - a +0 blowgun
 m - a +0 hunting sling
 w - a +0 trident of protection
 E - a +2 short sword of flaming
Missiles
 e - 7 poisoned needles
 f - 3 curare-tipped needles
 h - 164 stones (quivered)
 j - 26 bolts of flame
 l - 12 arrows of flame
 r - 73 bolts
 s - 15 arrows of dispersal
 z - 18 sling bullets
Armour
 c - a +0 robe
 d - a +0 cloak (worn)
 k - a +0 leather armour
 o - a +0 scale mail (worn)
 y - a +0 ring mail
Jewellery
 i - a ring of wizardry (left hand)
 F - an amulet of regeneration (around neck)
Scrolls
 D - 5 scrolls of identify
Potions
 n - 2 potions of restore abilities
 x - a potion of cancellation
 C - a potion of invisibility
Comestibles
 g - a bread ration
 p - 5 chunks of flesh
 u - 3 fruits {!e}
 G - a slice of pizza
 H - a meat ration


   Skills:
 - Level 6.4 Fighting
 - Level 2.0 Short Blades
 + Level 5.2 Polearms
 - Level 1.5 Throwing
 - Level 3.2 Armour
 - Level 1.0 Dodging
 - Level 4.8 Stealth
 - Level 1.4 Invocations


You had 7 spell levels left.
You didn't know any spells.

Dungeon Overview and Level Annotations

Branches:
Dungeon (5/15)             Temple (1/1) D:4

Altars:
Dithmenos
Elyvilon
Fedhas
Kikubaaqudgha
Makhleb
Nemelex Xobeh
Okawaru
Qazlal
Sif Muna
Trog
Xom
Yredelemnul
Zin
The Shining One

Annotations:
D:3 haamu!, Robin; heinrich's ghost, experienced OpCj


Innate Abilities, Weirdness & Mutations

You are under a permanent stasis effect.
You can dig through walls and to a lower floor.
Your four strong arms can wield two-handed weapons with a shield.
You have a pair of large antennae on your head (SInv).


Message History

The ogre is lightly wounded.
The ogre hits you with a giant club!!
You are too injured to fight recklessly!
You are too injured to fight recklessly!
You are too injured to fight recklessly!
You are too injured to fight recklessly!
You are too injured to fight recklessly!
You are too injured to fight recklessly!
The ogre hits you with a giant club.
You climb upwards.
There is a stone staircase leading down here.
You hit the ogre.
The ogre is lightly wounded.
You hit the ogre.
The ogre is moderately wounded.
The ogre hits you with a giant club!!
* * * LOW HITPOINT WARNING * * *
The ogre hits you with a giant club!
You die...
Fedhas appreciates your contribution to the ecosystem.

######
.....########
............#
............#
............######
............+..O>#
............#.##@#
#...##.........#.#
.........####)...#
#....#.#.#.....###
..#.#....#.###.#
#.#........# #.#
...###.#.### #.#
##.........#
#.####
.........#.#
#....#


You could see an ogre.

Vanquished Creatures
  An ice beast (D:4)
  A sky beast (D:4)
  Sigmund (D:3)
  The ghost of raikaria the Twirler, an average GrGl (D:4)
  A giant frog (D:3)
  A scorpion (D:4)
  A hound (D:4)
  An orc priest (D:3)
  An orc wizard (D:3)
  2 worker ants (D:4)
  An iguana (D:3)
  8 adders
  2 gnolls (D:3)
  A giant mite (D:4)
  2 adder zombies (D:2)
  2 adder skeletons (D:2)
  10 giant geckos
  An ooze (D:1)
  7 orcs
  A ball python (D:1)
  A giant cockroach (D:3)
  11 hobgoblins
  9 jackals
  A quokka (D:2)
  A ball python skeleton (D:2)
  9 bats
  4 giant newts
  8 goblins
  A jackal skeleton (D:4)
  11 kobolds
  12 rats
114 creatures vanquished.

Vanquished Creatures (others)
  2 toadstools (D:4)
2 creatures vanquished.

Grand Total: 116 creatures vanquished

Notes
Turn   | Place    | Note
--------------------------------------------------------------
     0 | D:1      | hannobal, the Formicid Assassin, began the quest for the Orb.
     0 | D:1      | Reached XP level 1. HP: 16/16 MP: 1/1
    35 | D:1      | Reached skill level 1 in Dodging
   249 | D:1      | Reached XP level 2. HP: 23/23 MP: 3/3
   630 | D:1      | Reached XP level 3. HP: 24/29 MP: 4/4
   935 | D:1      | Reached skill level 1 in Armour
  1326 | D:2      | Found a shimmering altar of Xom.
  1344 | D:2      | Noticed an angel
  1537 | D:2      | Found a glowing silver altar of Zin.
  1603 | D:2      | Reached XP level 4. HP: 30/35 MP: 5/5
  2466 | D:2      | Reached XP level 5. HP: 20/42 MP: 7/7
  3172 | D:3      | Noticed Sigmund
  3204 | D:3      | Killed Sigmund
  3204 | D:3      | Reached skill level 5 in Fighting
  3204 | D:3      | Reached XP level 6. HP: 34/51 MP: 8/8
  3432 | D:3      | Reached skill level 1 in Polearms
  3850 | D:3      | Found a shimmering altar of Xom.
  4062 | D:3      | Reached XP level 7. HP: 57/57 MP: 9/9
  4077 | D:3      | Noticed heinrich's ghost (experienced OpCj)
  4098 | D:4      | Noticed raikaria's ghost (average GrGl)
  4118 | D:4      | Killed raikaria's ghost
  4118 | D:4      | Reached skill level 6 in Fighting
  4267 | D:4      | Found a staircase to the Ecumenical Temple.
  4282 | D:3      | Noticed a sky beast
  4284 | D:3      | Noticed Robin
  4300 | D:4      | Killed a sky beast
  4319 | Temple   | Entered the Ecumenical Temple
  4342 | Temple   | Became a worshipper of Fedhas Madash
  4879 | D:4      | Reached skill level 1 in Invocations
  4944 | D:4      | Reached skill level 5 in Polearms
  4944 | D:4      | Reached XP level 8. HP: 56/65 MP: 12/12
  5204 | D:5      | Entered Level 5 of the Dungeon
  5212 | D:4      | Mangled by an ogre

Action                   |  1- 3 |  4- 6 |  7- 9 || total
-------------------------+-------+-------+-------++-------
Melee: Dagger            |   105 |   204 |    81 ||   390
       Scythe            |       |    88 |       ||    88
       Short sword       |       |     7 |       ||     7
       Trident           |       |     5 |    43 ||    48
 Fire: Blowgun           |    23 |    21 |     3 ||    47
       Hunting sling     |     2 |       |       ||     2
Throw: Stone             |     2 |    10 |       ||    12
  Use: Potion            |     4 |     3 |       ||     7
       Scroll            |     2 |     6 |     3 ||    11
 Stab: Sleeping          |     4 |     1 |     1 ||     6
       Distracted        |       |     1 |       ||     1
  Eat: Chunk             |     2 |     8 |     4 ||    14
       Pizza             |       |     1 |       ||     1
